 Dungeon Crawl Stone Soup version 0.27-a0-1500-g450c7e4133 (webtiles) character file.

Game seed: 16137094847422284925

7 dickylongcocking the Magician (level 2, -3/21 HPs)
             Began as a Djinni Wanderer on July 8, 2021.
             Slain by a kobold (4 damage)
             ... on level 1 of the Dungeon.
             The game lasted 00:00:31 (607 turns).

dickylongcocking the Magician (Djinni Wanderer)      Turns: 607, Time: 00:00:31

Health: -3/21      AC:  2    Str:  8    XL:     2   Next: 5%
Gold:   8          EV: 11    Int: 15    God:
                   SH:  0    Dex: 13

rFire    + + .     SeeInvis .   d - +0 short sword
rCold    x . .     Faith    .   (no shield)
rNeg     . . .     Spirit   .   b - +0 robe
rPois    ∞         Reflect  .   (no helmet)
rElec    .         Harm     .   (no cloak)
rCorr    .         Rampage  .   (no gloves)
Will     .....                  (boots unavailable)
Stlth    ++........             (no amulet)
HPRegen  0.07/turn              (no ring)
MPRegen  0.00/turn              (no ring)

@: flying
A: sickness immunity, fire resistance 2, cold vulnerability 1, float, innate
caster, hp casting, extra vitality 1
a: no special abilities


You were on level 1 of the Dungeon.
You visited 1 branch of the dungeon, and saw 1 of its levels.

You collected 8 gold pieces.

Inventory:

Hand Weapons
 a - a +0 dagger
 d - a +0 short sword (weapon)
Armour
 b - a +0 robe (worn)
Wands
 c - a wand of flame (15)


   Skills:
 + Level 1.0 Long Blades
 + Level 1.0 Throwing
 + Level 1.1 Dodging
 + Level 1.0 Stealth
 + Level 4.3 Spellcasting
 + Level 1.0 Evocations


You had one spell level left.
You knew the following spells:

 Your Spells              Type           Power      Damage    Failure   Level
a - Summon Small Mammal   Summ           64%        N/A       3%          1
b - Call Canine Familiar  Summ           16%        N/A       9%          3
c - Shock                 Conj/Air       64%        1d7       3%          1
d - Swiftness             Air            16%        N/A       9%          3

Your spell library contained the following spells:

 Spells                   Type           Power      Damage    Failure   Level


Dungeon Overview and Level Annotations

Branches:
Dungeon (1/15)

Altars:


Innate Abilities, Weirdness & Mutations

You are immune to sickness and miasma.
You are immune to poison.
Your flesh is very heat resistant. (rF++)
You are vulnerable to cold. (rC-)
You float through the air rather than walking.
You learn spells naturally, not from books.
Your magical power is your life essence.
You have superior vitality. (+4 HP)


Message History

Casting: Summon Small Mammal (safe; 3% risk of failure)
Confirm with . or Enter, or press ? or * to list all spells.
Your bat misses the ball python. The kobold completely misses you.
The giant cockroach bites you but does no damage.
The ball python bites you. The ball python constricts you.
Unknown command.
You hit the kobold but do no damage.
Your bat barely misses the ball python.
Your bat barely misses the kobold.
Your bat misses the kobold. The kobold barely misses you.
The ball python bites you but does no damage.
The ball python constricts you.
The giant cockroach bites you but does no damage.
Your bat barely misses the ball python.
Your rat misses the giant cockroach.
Unknown command.
You closely miss the kobold. Your bat hits the ball python.
Your bat hits the kobold. The giant cockroach barely misses you.
The ball python bites you.
* * * LOW HITPOINT WARNING * * *
The ball python constricts you. The kobold hits you with a +0 mace.
* * * LOW HITPOINT WARNING * * *
Your bat hits the kobold but does no damage.
Your rat bites the giant cockroach but does no damage.
Unknown command.
Unknown command.
You escape the ball python's grasp.
You swap places.
Your bat hits the ball python.
Your bat barely misses the giant cockroach.
The giant cockroach closely misses your rat.
The kobold hits you with a +0 mace.
* * * LOW HITPOINT WARNING * * *
The ball python bites your bat. The ball python barely misses your bat.
Your bat barely misses the ball python.
Your rat bites the giant cockroach but does no damage.
Your rat bites the giant cockroach.
The giant cockroach barely misses your rat.
Your bat hits the ball python. The ball python bites your rat.
Your rat dies!
Your rat's corpse disappears in a puff of smoke!
The kobold hits you with a +0 mace.
You die...

# ....# # #...# # ...#
####### ...# ......#
#r.# ......# #BS##
.[....##########§..#
......÷........#bK.#
#####.)...(....#@#).....
#................#..##..
#................##>.'
#.....#######....'..##.
#.....# #..[.#### .
#.....# #....# #.....#
###### #.....#


You could see a giant cockroach (ally target), a ball python (ally target), a
kobold, a friendly bat (summoned) and a friendly rat (summoned).

Vanquished Creatures
  2 endoplasms (D:1)
  A giant cockroach (D:1)
  A kobold (D:1)
4 creatures vanquished.

Vanquished Creatures (collateral kills)
  A bat (D:1)
  A hobgoblin (D:1)
  A kobold (D:1)
3 creatures vanquished.

Grand Total: 7 creatures vanquished

Notes
Turn   | Place    | Note
-------+----------+-------------------------------------------
     0 | D:1      | dickylongcocking the Djinni Wanderer began the quest for
                  | the Orb.
     0 | D:1      | Reached XP level 1. HP: 15/15 MP: 0/0
   319 | D:1      | Reached XP level 2. HP: 2/21 MP: 0/0
   606 | D:1      | HP: 1/21 [kobold (4)]
   607 | D:1      | Slain by a kobold

Illustrated notes

Levels and vault maps discovered:
D:1:      eino_arrival_cavern_b, layout_basic

Action                   || total
-------------------------++-------
Melee: Dagger            ||     9
       Short sword       ||     6
 Cast: Summon Small Mamm ||    11
 Stab: Sleeping          ||     2
Armor: Robe              ||    12
Dodge: Dodged            ||    17

Table legend: (Time is in decaauts)
 A = Elapsed time spent in this place.
 B = Non-inter-level travel time spent in this place.
 C = Inter-level travel time spent in this place.
 D = Time resting spent in this place.
 E = Time spent auto-exploring this place.
 F = Levels seen in this place.
 G = Mean time per level.
                   A        B        C        D        E       F      G
               +--------+--------+--------+--------+--------+-----+--------+
         Total |    606 |    606 |      0 |    200 |    334 |   1 |  606.0 |
       Dungeon |    606 |    606 |      0 |    200 |    334 |   1 |  606.0 |
               +--------+--------+--------+--------+--------+-----+--------+

Top non-repeatable levels by time:
     D:1: 606 daAuts
